 Dungeon Crawl Stone Soup version 0.31.0-11-ge490571c62 (webtiles) character file.

Game seed: 16120529399300691246

17 qw the Shooter (level 2, 0/14 HPs)
             Began as a Spriggan Hunter on Feb 3, 2024.
             Succumbed to an adder's poison
             ... on level 1 of the Dungeon.
             The game lasted 00:00:01 (976 turns).

qw the Shooter (Spriggan Hunter)                     Turns: 976, Time: 00:00:02

Health: 0/14       AC:  2    Str:  7    XL:     2   Next: 44%
Magic:  3/3        EV: 19    Int: 10    God:
Gold:   61         SH:  0    Dex: 18    Spells: 1/1 levels left

rFire   . . .        a - +0 shortbow
rCold   . . .        (shield currently unavailable)
rNeg    . . .        c - +0 robe
rPois   .            (helmet restricted)
rElec   .            (no cloak)
rCorr   .            (gloves unavailable)
SInv    +            (boots unavailable)
Will    .....        (no amulet)
Stlth   ++           (no ring)
HPRegen 0.22/turn    (no ring)
MPRegen 0.08/turn

%: no passive effects
@: lethally poisoned (0 -> -5), very quick
A: very small, no large weapons, unfitting armour, see invisible, speed 3
a: no special abilities


You were on level 1 of the Dungeon.
You visited 1 branch of the dungeon, and saw 2 of its levels.

You collected 61 gold pieces.


Innate Abilities, Weirdness & Mutations

You are very small and have problems with some larger weapons.
You are too small for most types of armour.
You have supernaturally acute eyesight. (SInv)
You cover ground extremely quickly. (Speed+++)


   Skills:
 - Level 1.5 Fighting
 + Level 4.1 Ranged Weapons
 - Level 4.0 Dodging
 - Level 1.5 Stealth


You had one spell level left.
You didn't know any spells.
Your spell library was empty.

Inventory:

Hand Weapons
 a - a +0 shortbow (weapon)
Armour
 c - a +0 robe (worn)

Dungeon Overview and Level Annotations

Branches:
Dungeon (2/15)

Altars:


Message History

Done exploring.
927 ||| DROPPING scroll of poison.
You drop a scroll of poison.
Done exploring.
928 ||| DROPPING scroll of torment.
You drop a scroll of torment.
Done exploring.
What level of the Dungeon? (default 1, ? - help)
There is a stone staircase leading down here.
You climb downwards.
The kobold shouts!
Found a rapier and a worn wooden wand.
There is a stone staircase leading up here.
There are monsters nearby!
Waypoint 1 assigned to D:2.
You shoot an arrow. The arrow closely misses the adder.
You shoot an arrow.
The arrow hits the adder but does no damage.
You shoot an arrow.
The arrow hits the adder but does no damage.
You shoot an arrow.
The arrow hits the adder but does no damage.
The adder bites you.
You are poisoned.
The adder poisons you!
972 ||| STAIRDANCE You feel sick.
The kobold throws a stone.
The stone misses you. The adder completely misses you.
You climb upwards.
You feel sick.
There is a stone staircase leading down here.
You shoot an arrow. The arrow hits the adder.
The adder is moderately wounded.
You feel sick. The adder misses you. The adder bites you.
You are lethally poisoned!
The adder poisons you!
You shoot an arrow.
The arrow hits the adder but does no damage.
The adder is moderately wounded.
You feel very sick. The adder bites you.
You shoot an arrow. The arrow misses the adder.
You die...

#.# #..###### ##### #.#
#..#....######...## #.#
#.................# #.#
#.....#########....
#.###########..#..#.......#.##.
#...........#..##.#.......#.###
#############.#..##.#..###..#.#
#.%...........#.S##.)%.#_#..#.#
...############.@##.#..#'#..#.#
#..############..##.#.......#.###
#..##............##)#.......#....
#..##.#########..>..#########..##
......# #..##............#
...#### #..#########.#...# #..#
#..# #.##..# #..# #..# #.###.##
#.####### #..# #.# #...


You could see an adder.

Vanquished Creatures
  A dart slug (D:1)
  2 endoplasms (D:1)
  3 jackals (D:1)
  A quokka (D:1)
  4 ball pythons (D:1)
  2 kobolds (D:1)
  A rat (D:1)
14 creatures vanquished.

Notes
Turn   | Place    | Note
-------+----------+-------------------------------------------
     0 | D:1      | qw the Spriggan Hunter began the quest for the Orb.
     0 | D:1      | Reached XP level 1. HP: 10/10 MP: 2/2
     0 | D:1      | 0 ||| qw: Version: 0.3-a-155-g5e7d8dd
     0 | D:1      | 0 ||| qw: Game counter: 3436
     0 | D:1      | 0 ||| qw: Melee chars always use a shield: true
     0 | D:1      | 0 ||| qw: God list: Okawaru
     0 | D:1      | 0 ||| qw: Allow faded altars: false
     0 | D:1      | 0 ||| qw: Do Orc after clearing Dungeon:15 true
     0 | D:1      | 0 ||| qw: Do second Lair branch before Depths: true
     0 | D:1      | 0 ||| qw: Lair rune preference: random
     0 | D:1      | 0 ||| qw: Goals: Normal
     0 | D:1      | 0 ||| PLANNING D:1-11
    50 | D:1      | Reached skill level 3 in Dodging
   225 | D:1      | Reached XP level 2. HP: 14/14 MP: 3/3
   358 | D:1      | Found a faded altar of an unknown god.
   822 | D:1      | 822 ||| READING scroll labelled TILLIL WOYLIO.
   923 | D:1      | 923 ||| READING scroll labelled MUBREO VUEFE.
   923 | D:1      | 923 ||| ENCHANTING +0 shortbow.
   924 | D:1      | 924 ||| READING 2 scrolls labelled KEHYIZ DAWEA.
   924 | D:1      | 924 ||| IDENTIFYING scroll labelled BIEPUTIEGH
   925 | D:1      | 925 ||| READING scroll of identify.
   925 | D:1      | 925 ||| IDENTIFYING scroll labelled BAFRYSEDAH
   926 | D:1      | 926 ||| DROPPING scroll of butterflies.
   927 | D:1      | 927 ||| DROPPING scroll of poison.
   928 | D:1      | 928 ||| DROPPING scroll of torment.
   972 | D:2      | 972 ||| STAIRDANCE
   975 | D:1      | HP: 3/14 [poisoned by an adder]
   976 | D:1      | Succumbed to an adder's poison

Levels and vault maps discovered:
D:1:      dpeg_arrival_boxorama, layout_loops_ring,
          hellmonk_ecumenical_altar_inner_sanctum
D:2:      minmay_alternating_diamond, layout_rooms, minmay_distorted

Skill      XL: |  1  2 |
---------------+-------+-----
Dodging        | 3 4 |  4.0
Fighting       | |  1.5
Ranged Weapons | |  4.1
Stealth        | |  1.5

Action                     || total
---------------------------++-------
   Fire: Shortbow          ||    53
    Use: Scroll            ||     4
 Armour: Robe              ||     9
  Dodge: Dodged            ||    29

Table legend:
 A = Non-vault XP
 B = Vault XP
 C = Vault XP percentage of total XP
 D = Non-vault monster count
 E = Vault monster count
 F = Vault count percentage of total count
                 A         B        C        D         E       F
            +---------+---------+-------+---------+---------+-------
      Total |      25 |       0 |   0.0 |      14 |       0 |   0.0
            +---------+---------+-------+---------+---------+-------
        D:1 |      25 |       0 |   0.0 |      14 |       0 |   0.0
            +---------+---------+-------+---------+---------+-------
